 Dungeon Crawl Stone Soup version 0.23-a0-635-g88ca12a (webtiles) character file.

91 Gildeon the Magician (level 4, 0/24 HPs)
             Began as a Deep Elf Fire Elementalist on Dec 27, 2018.
             Slain by Natasha (9 damage)
             ... on level 2 of the Dungeon.
             The game lasted 00:10:12 (2075 turns).

Gildeon the Magician (Deep Elf Fire Elementalist)   Turns: 2075, Time: 00:10:13

Health: 0/24       AC:  3    Str:  5    XL:     4   Next: 33%
Magic:  17/21      EV: 13    Int: 21    God:
Gold:   66         SH:  0    Dex: 15    Spells: 1/11 levels left

rFire    . . .     SeeInvis .   g - +1 dagger (protect)
rCold    . . .     Gourm    .   (no shield)
rNeg     . . .     Faith    .   a - +0 robe
rPois    .         Spirit   .   (no helmet)
rElec    .         Reflect  .   d - +0 cloak
rCorr    .         Harm     .   (no gloves)
MR       .....                  (no boots)
Stlth    ++........             (no amulet)
HPRegen  0.08/turn              e - ring of magical power
MPRegen  0.17/turn              (no ring)

@: no status effects
A: no striking features
a: no special abilities


You were on level 2 of the Dungeon.
You were not hungry.

You visited 1 branch of the dungeon, and saw 2 of its levels.

You collected 66 gold pieces.

Inventory:

Hand Weapons
 g - a +1 dagger of protection (weapon)
Armour
 a - a +0 robe (worn)
 d - a +0 cloak (worn)
Jewellery
 e - a ring of magical power (left hand)
Scrolls
 i - a scroll of identify
 k - a scroll of remove curse
 m - a scroll of amnesia {unknown}
Potions
 b - a potion of ambrosia {unknown}
 j - a potion of flight {unknown}
 l - a potion of heal wounds {unknown}
Comestibles
 c - 7 rations
 h - 6 chunks of flesh


   Skills:
 - Level 2.4 Dodging
 - Level 2.4 Stealth
 + Level 4.3 Spellcasting
 + Level 2.7 Conjurations
 + Level 4.2 Fire Magic


You had one spell level left.
You knew the following spells:

 Your Spells              Type           Power        Failure   Level  Hunger
a - Flame Tongue          Conj/Fire      ###..        2%          1    None
b - Throw Flame           Conj/Fire      ###...       4%          2    #......
c - Conjure Flame         Conj/Fire      ###.....     9%          3    ##.....
d - Sticky Flame          Conj/Fire      ###.....     26%         4    ####...

Your spell library contained the following spells:

 Spells                   Type           Power        Failure   Level  Hunger
 Inner Flame              Hex/Fire       ##......     14%         3    ##.....
 Fireball                 Conj/Fire      ###.......   58%         5    ######.


Dungeon Overview and Level Annotations

Branches:
Dungeon (2/15)

Altars:

Annotations:
D:2 Natasha


Message History

Aim: Natasha (moderately wounded)
The flame tongue hits Natasha.
Natasha is severely wounded.
Casting: Flame Tongue (safe; 2% risk of failure)
Confirm with . or Enter, or press ? or * to list all spells.
Aiming: Flame Tongue (safe; 2% risk of failure)
Press: ? - help, Shift-Dir - straight line, f/p - Natasha
Aim: Natasha (severely wounded)
The flame tongue hits Natasha.
Natasha is severely wounded.
Natasha claws you but does no damage.
Casting: Flame Tongue (safe; 2% risk of failure)
Confirm with . or Enter, or press ? or * to list all spells.
Aiming: Flame Tongue (safe; 2% risk of failure)
Press: ? - help, Shift-Dir - straight line, f/p - Natasha
Aim: Natasha (severely wounded)
The flame tongue hits Natasha.
Natasha is almost dead.
Natasha claws you!
You die...

#.# #.# #.#
.#########g#####
g..............#
...........###.#
######..#### #.# #..# #h#
#..# #@# #####..# #.#
#...##..# #)#
#...##..######.#
###...........##.##
..........###.#...##
...................######
..........###...........#
.................######.#


You could see Natasha.

Vanquished Creatures
  An adder (D:2)
  3 gnolls (D:2)
  A worm (D:2)
  A dart slug (D:2)
  3 leopard geckos (D:1)
  A bat (D:1)
  5 giant cockroaches
  6 goblins
  2 hobgoblins (D:2)
  4 jackals (D:2)
  2 frilled lizards
  8 kobolds
  7 rats
44 creatures vanquished.

Notes
Turn   | Place    | Note
-------+----------+-------------------------------------------
     0 | D:1      | Gildeon the Deep Elf Fire Elementalist began the quest for
                  | the Orb.
     0 | D:1      | Reached XP level 1. HP: 10/10 MP: 6/6
   378 | D:1      | Reached XP level 2. HP: 15/15 MP: 0/8
   451 | D:1      | Learned a level 2 spell: Throw Flame
   762 | D:1      | You fall through a shaft!
   917 | D:1      | Reached XP level 3. HP: 15/19 MP: 6/10
   922 | D:1      | Learned a level 3 spell: Conjure Flame
  1888 | D:2      | Reached XP level 4. HP: 24/24 MP: 12/12
  1915 | D:2      | Learned a level 4 spell: Sticky Flame
  2069 | D:2      | Noticed Natasha
  2075 | D:2      | Slain by Natasha

Vault maps used:
D:1:      tarquinn_simple_flora_water_b, minivault_4, minmay_domino_4
D:2:      first_ration, hangedman_feature_mirror, grunt_ministairs_10,
          nemelex_xobeh_ov_fountains_minmay, uniq_natasha,
          uniq_crazy_yiuf_cottage

Skill      XL: |  1  2  3 |
---------------+----------+-----
Conjurations   | 2 |  2.7
Spellcasting   | 4 |  4.3
Fire Magic     | 4 |  4.2
Dodging        | |  2.4
Stealth        | |  2.4

Action                   |  1- 3 |  4- 6 || total
-------------------------+-------+-------++-------
Melee: Unarmed           |     3 |       ||     3
       Whip              |     7 |       ||     7
       Dagger            |     1 |       ||     1
 Cast: Flame Tongue      |    71 |    13 ||    84
  Use: Scroll            |     3 |       ||     3
       Potion            |       |     1 ||     1
  Eat: Chunk             |     3 |       ||     3
Armor: Robe              |     3 |     1 ||     4
Dodge: Dodged            |    17 |     1 ||    18

Table legend:
 A = Non-vault XP
 B = Vault XP
 C = Vault XP percentage of total XP
 D = Non-vault monster count
 E = Vault monster count
 F = Vault count percentage of total count
                 A         B        C        D         E       F
            +---------+---------+-------+---------+---------+-------
      Total |     118 |      12 |   9.2 |      38 |       6 |  13.6
            +---------+---------+-------+---------+---------+-------
        D:1 |      32 |       8 |  20.0 |      19 |       4 |  17.4
        D:2 |      86 |       4 |   4.4 |      19 |       2 |   9.5
            +---------+---------+-------+---------+---------+-------
